Map: Orbital Shipyard

Players

gungamunga

  • Race: Terran Terran
  • League: Bronze

Miltreta - Winner!

  • Race: Terran Terran
  • League: Bronze

VOD

Have the link to the VOD?

Description

Time

  • Played on: March 14, 2016, 10:40 p.m.
  • Length: 17:47
Show
View Real Time Build Order
Export as new Build Order

gungamunga Terran 

Build Orders:  

Get SALT Encoding   

  12  0:02  SCV  
  13  0:18  SCV  
  14  0:24  Supply Depot  
  14  0:30  SCV  
  15  0:48  Barracks  
  15  0:49  SCV  
  16  0:57  Refinery  
  16  0:58  Refinery  
  16  1:01  SCV  
  17  1:13  SCV  
  18  1:27  SCV  
  19  1:46  Bunker  
  19  1:48  Marine  
  20  2:06  Marine  
  21  2:20  Bunker  
  21  2:24  Marine  
  22  2:36  Command Center  
  22  2:40  Orbital Command  
  22  2:41  Marine  
  23  2:48  Factory  
  23  2:52  Bunker  
  23  3:07  Supply Depot  
  23  3:29  Marine  
  21  4:22  Factory Tech Lab  
  21  4:25  Barracks Reactor  
  21  4:41  SCV  
  21  4:45  SCV  
  23  4:49  Siege Tank  
  26  4:53  SCV  
  26  4:57  SCV  
  28  5:05  SCV  
  29  5:09  Marine x2  
  32  5:17  SCV  
  32  5:19  Orbital Command, Refinery  
  32  5:21  Refinery  
  32  5:26  Marine  
  32  5:27  Marine  
  34  5:29  SCV  
  35  5:43  SCV  
  35  5:44  Marine x2  
  35  5:45  SCV  
  39  5:54  Engineering Bay  
  39  5:55  SCV  
  40  5:57  SCV  
  41  6:07  SCV  
  41  6:09  SCV  
  43  6:17  Marine x2  
  45  6:20  SCV  
  45  6:22  Terran Infantry Weapons Level 1  
  45  6:23  Supply Depot  
  46  6:42  Missile Turret  
  46  6:44  Marine x2, SCV  
  46  6:45  Missile Turret  
  46  6:46  Missile Turret, Supply Depot  
  44  7:30  Missile Turret  
  44  7:32  Missile Turret x2  
  44  7:50  Siege Tank  
  47  7:58  Command Center  
  47  8:00  SCV  
  47  8:04  SCV  
  47  8:12  SCV  
  47  8:16  SCV  
  49  8:23  Siege Tank  
  49  8:25  SCV  
  53  8:28  SCV  
  54  8:37  SCV  
  54  8:41  SCV  
  56  8:49  SCV  
  56  8:50  Marine x2  
  59  9:08  Marine x2  
  61  9:17  Missile Turret  
  61  9:32  Planetary Fortress  
  61  9:41  Missile Turret  
  61  9:48  Missile Turret  
  61  9:49  Missile Turret  
  61  9:54  Missile Turret  
  61  9:56  Sensor Tower  
  61  9:59  Sensor Tower, Factory  
  61  10:01  Barracks  
  61  10:04  Starport  
  61  10:47  Missile Turret  
  61  10:54  Refinery x2  
  61  10:59  SCV  
  61  11:00  SCV  
  63  11:11  SCV  
  63  11:12  SCV  
  63  11:13  Factory Tech Lab  
  63  11:14  Barracks Reactor  
  63  11:16  Barracks Tech Lab  
  63  11:17  Starport Tech Lab  
  65  11:21  Starport Reactor  
  65  11:23  SCV  
  65  11:24  SCV  
  67  11:35  SCV  
  67  11:36  SCV  
  69  11:48  SCV x2  
  69  11:49  Supply Depot  
  71  12:00  Armory  
  71  12:03  Hi-Sec Auto Tracking  
  71  12:12  Supply Depot  
  71  12:21  Medivac x2  
  75  12:27  Combat Shields  
  75  12:37  Supply Depot  
  75  12:55  Terran Vehicle Weapons Level 1  
  77  12:58  Marauder, Marine  
  77  12:59  Marine  
  77  13:00  Supply Depot, Building Armor  
  77  13:01  Command Center  
  77  13:02  Thor x2  
  91  13:05  Medivac  
  91  13:06  Medivac  
  95  13:16  Marine x2  
  95  13:19  Marauder  
  99  13:34  Marine x2  
  99  13:41  Marauder  
  103  13:42  SCV  
  103  13:43  SCV  
  103  13:46  Stimpack  
  103  13:48  Command Center  
  105  13:54  SCV  
  105  13:55  SCV  
  107  14:06  SCV  
  107  14:07  SCV  
  109  14:18  SCV  
  109  14:19  SCV  
  111  14:31  SCV x2  
  113  14:40  Terran Infantry Weapons Level 2  
  113  14:50  Terran Vehicle And Ship Armor Level 1  
  113  15:41  Bunker  
  113  15:44  Missile Turret  
  113  15:47  Concussive Shells  
  71  16:39  SCV  
  70  16:47  Thor x2  
  70  16:52  Marauder, Marine x2  
  86  16:59  Planetary Fortress  
  86  17:10  Marine x2  
  86  17:13  Marauder  
  86  17:14  Bunker  
Show
View Real Time Build Order
Export as new Build Order

Miltreta Terran - Winner!

Build Orders:  

Get SALT Encoding   

  12  0:02  SCV  
  13  0:18  SCV  
  13  0:20  Supply Depot  
  14  0:28  Refinery  
  14  0:30  SCV  
  15  0:43  Barracks  
  15  0:46  SCV  
  16  0:58  SCV  
  17  1:06  Refinery  
  17  1:13  SCV  
  17  1:14  Supply Depot  
  18  1:36  Reaper  
  19  1:49  SCV  
  20  2:04  SCV  
  21  2:08  Reaper  
  22  2:28  Orbital Command  
  22  2:33  Factory  
  22  2:37  Barracks  
  22  2:38  Barracks  
  22  2:39  Barracks  
  22  2:55  SCV  
  23  3:06  Barracks Tech Lab  
  23  3:23  SCV  
  24  3:40  SCV  
  24  3:41  Barracks Tech Lab  
  25  3:42  Starport  
  24  4:11  SCV  
  25  4:20  Starport Tech Lab  
  25  4:27  Engineering Bay  
  25  4:30  Engineering Bay  
  25  4:33  SCV  
  25  4:37  Command Center  
  26  4:38  Barracks Reactor  
  26  4:39  Barracks Reactor x2, Refinery  
  26  4:45  Marine  
  27  4:47  Siege Tank  
  30  5:07  Supply Depot  
  30  5:10  Supply Depot  
  30  5:14  SCV  
  31  5:23  Banshee  
  34  5:33  Marine x2  
  36  5:43  SCV  
  36  5:48  Terran Infantry Weapons Level 1  
  37  5:58  Refinery  
  37  5:59  SCV  
  37  6:01  Orbital Command  
  38  6:04  Marine  
  38  6:06  Banshee  
  42  6:19  Cloaking Field  
  42  6:21  Marine x3  
  42  6:24  Marine  
  46  6:36  SCV x2  
  48  6:41  Marine x3  
  48  6:42  Marine  
  48  6:45  Siege Tank  
  55  6:59  Marine  
  56  7:17  Siege Tank  
  59  7:28  Stimpack  
  59  7:33  Terran Infantry Armor Level 1  
  59  7:37  SCV x2  
  61  7:48  Marine x4  
  61  7:50  Marine  
  66  7:54  Marine  
  66  7:56  Siege Tank  
  67  8:55  Command Center  
  67  8:57  Marine x4  
  67  8:58  Marine  
  67  8:59  Marine  
  73  9:07  Marauder  
  73  9:08  Siege Tank  
  75  9:14  Banshee  
  78  9:32  Starport  
  78  9:52  Supply Depot  
  78  9:54  Supply Depot  
  78  9:57  Supply Depot  
  78  9:59  Supply Depot  
  78  10:07  Siege Tank  
  69  10:27  SCV x2  
  71  10:31  Marine x4  
  71  10:32  Marine  
  71  10:33  Marine  
  77  10:43  Factory, Refinery  
  77  10:44  SCV  
  77  10:45  SCV  
  77  10:47  Refinery  
  77  10:49  SCV  
  80  10:53  Starport Reactor  
  80  10:56  Marine x2, SCV  
  80  10:57  Marine x3  
  83  10:58  Marine  
  83  11:00  Siege Tank  
  90  11:12  Ghost Academy  
  90  11:14  SCV x2  
  92  11:19  Orbital Command  
  92  11:29  Factory Tech Lab  
  92  11:30  Factory  
  92  11:37  Marine x5  
  92  11:39  Medivac x2  
  101  11:40  Armory  
  101  11:42  Banshee  
  104  11:48  Nuke  
  104  11:50  Ghost  
  106  12:00  Siege Tank x2  
  112  12:03  SCV  
  112  12:04  SCV x2  
  115  12:15  SCV  
  116  12:33  Terran Vehicle And Ship Armor Level 1  
  116  12:36  Marine, Medivac x2  
  116  12:37  Marine x4  
  125  12:44  Marine  
  125  12:46  Command Center  
  126  12:53  Supply Depot x2  
  126  12:55  Supply Depot  
  126  12:56  Supply Depot  
  126  12:58  Supply Depot  
  126  12:59  Terran Infantry Armor Level 2  
  126  13:00  Terran Infantry Weapons Level 2  
  126  13:02  Marine x4  
  126  13:03  Marine  
  126  13:05  Thor  
  131  13:06  Thor  
  131  13:09  Medivac  
  145  13:42  SCV x2  
  147  14:29  Personal Cloaking  
  147  14:31  Marine  
  147  14:32  Marine x4  
  147  14:34  Marine  
  147  14:35  Thor  
  147  14:36  Thor  
  147  14:37  Medivac x2  
  169  14:40  Banshee  
  169  14:43  Factory Tech Lab  
  172  15:22  Marine x2  
  172  15:23  Marine x2  
  172  15:24  Marine  
  172  15:25  Marine  
  172  15:27  Siege Tank x2  
  184  15:29  Siege Tank  
  184  15:30  Medivac  
  184  15:31  Medivac  
  184  15:32  Banshee  
  184  15:34  SCV  
  184  15:35  SCV  
  196  15:36  SCV  
  196  15:40  Orbital Command  
  197  15:46  SCV  
  197  15:47  SCV  
  198  15:55  Nuke  
  147  16:39  Marine x4  
  149  16:40  Marine x3  
  154  16:57  Marine  
Tags
 
Add a new tag
Caveats
  • Supply blocks, unpowered buildings, or Contaminate may cause inaccurate times.
  • Supply counts are checked every 10 seconds.